 Dungeon Crawl Stone Soup version 0.28.0-45-g0d030f2227 (webtiles) character file.

Game seed: 11521386180973945277

1843 Peloso the Carver (level 8, -5/70 HPs)
             Began as a Minotaur Fighter on Apr 10, 2022.
             Slain by an ogre
             ... wielding a +0 giant spiked club
              (25 damage)
             ... on level 5 of the Dungeon.
             The game lasted 00:07:15 (3604 turns).

Peloso the Carver (Minotaur Fighter)                Turns: 3604, Time: 00:07:16

Health: -5/70      AC: 12    Str: 21    XL:     8   Next: 87%
Magic:  7/7        EV:  8    Int:  5    God:
Gold:   286        SH:  5    Dex: 12    Spells: 7/7 levels left

rFire   . . .      SeeInvis .   a - +4 long sword
rCold   . . .      Faith    .   x - +0 buckler
rNeg    . . .      Spirit   .   w - +0 chain mail
rPois   .          Reflect  .   (helmet restricted)
rElec   .          Harm     .   (no cloak)
rCorr   .          Rampage  .   (no gloves)
Will    .....                   B - +0 pair of boots
Stlth   ..........              i - amulet of regeneration
HPRegen 1.01/turn               (no ring)
MPRegen 0.10/turn               (no ring)

@: no status effects
A: horns 2, retaliatory headbutt
a: no special abilities


You were on level 5 of the Dungeon.
You visited 1 branch of the dungeon, and saw 5 of its levels.
You also visited: Sewer.

You collected 286 gold pieces.

Inventory:

Hand Weapons
 a - a +4 long sword (weapon)
 b - a +4 long sword
 c - a +2 vorpal falchion
Missiles
 t - a throwing net (quivered)
Armour
 u - a +0 scale mail
 w - a +0 chain mail (worn)
 x - a +0 buckler (worn)
 B - a +0 pair of boots (worn)
Jewellery
 i - an amulet of regeneration (around neck)
 o - an amulet of the acrobat
 z - a ring of magical power
Wands
 v - a wand of flame (18)
 A - a wand of polymorph (6)
Scrolls
 e - a scroll of immolation {unknown}
 f - a scroll of noise {unknown}
 h - a scroll of acquirement {unknown}
 k - a scroll of teleportation {unknown}
 l - 2 scrolls of fog {unknown}
 m - 3 scrolls of magic mapping {unknown}
 n - a scroll of brand weapon {unknown}
 s - 2 scrolls of identify {unknown}
 y - a scroll of holy word {unknown}
Potions
 d - a potion of might
 g - a potion of degeneration {unknown}
 j - a potion of ambrosia {unknown}
 p - 3 potions of flight
 q - 4 potions of curing
 r - 2 potions of heal wounds


   Skills:
 + Level 6.2 Fighting
 + Level 8.4 Long Blades
 + Level 8.1 Armour
 + Level 3.3 Dodging
 + Level 2.0 Stealth
 + Level 5.8 Shields


You had 7 spell levels left.
You didn't know any spells.
Your spell library contained the following spells:

 Spells                   Type           Power      Damage    Failure   Level
 Magic Dart               Conj           0%         1d3       99%         1
 Searing Ray              Conj           0%         2d4       100%        2
 Dazzling Flash           Conj/Hex       0%         N/A       100%        3
 Gell's Gravitas          Tloc           0%         N/A       100%        3
 Lesser Beckoning         Tloc           0%         N/A       100%        3
 Teleport Other           Tloc           0%         N/A       100%        3
 Fulminant Prism          Conj/Hex       0%         3d6       100%        4
 Iskenderun's Mystic Bla  Conj/Tloc      0%         2d3       100%        4
 Starburst                Conj/Fire      0%         6d3       100%        6


Dungeon Overview and Level Annotations

Branches:
Dungeon (5/15)              Sewer (visited)
 Temple: D:4-7

Altars:
Beogh


Innate Abilities, Weirdness & Mutations

You have a pair of horns on your head.
You reflexively headbutt those who attack you in melee.


Message History

The iguana enters a dispersal trap!
The ogre blinks!
You blink.
The iguana blinks!
The howler monkey howls!
You slash the ogre!
The ogre is moderately wounded.
The ogre closely misses you.
An ogre comes into view. It is wielding a +0 giant spiked club.
You slash the ogre!
The ogre is severely wounded.
The ogre hits you with a +0 giant club!
You slash the ogre!
You kill the ogre!
You hit the iguana but do no damage. The iguana barely misses you.
You slash the iguana! Your headbutt misses the iguana.
The iguana is almost dead.
You block the iguana's attack.
You barely miss the iguana.
The iguana is almost dead.
The iguana bites you but does no damage.
You barely miss the iguana. Your headbutt misses the iguana.
The iguana is almost dead.
The iguana bites you.
You hit the iguana but do no damage.
The iguana is almost dead.
The iguana completely misses you. You furiously retaliate!
You headbutt the iguana!
You kill the iguana!
The ogre hits you with a +0 giant spiked club!
The howler monkey hoots and howls with incredible vigour!
Things that are here:
a +0 giant club; an ogre corpse You slash the howler monkey!
The howler monkey is severely wounded.
The howler monkey hits you but does no damage.
The ogre hits you with a +0 giant spiked club!!
* * * LOW HITPOINT WARNING * * *
You slash the howler monkey!
You kill the howler monkey!
The ogre hits you with a +0 giant spiked club!!
You die...

#..........
#......[...
#.[........
#..........
#..........
#^.......# #
#†O....# #.##@#.##
### #....#..###
...# ####.##...##
... #.####..####
#.######.).###.)..#
#..............##.#
##.)...........#.##
#............)....#
#..............####


You could see an ogre.

Vanquished Creatures
  Sigmund (D:2)
  Eustachio (D:4)
  Edmund (D:4)
  A water moccasin (D:3)
  Duvessa (D:4)
  3 ogres (D:5)
  2 kobold brigands (Sewer)
  A scorpion (D:4)
  A water moccasin zombie (D:4)
  Dowan (D:4)
  5 wights
  A howler monkey (D:5)
  A hound (D:2)
  2 orc priests
  A bullfrog skeleton (D:3)
  Jessica (D:2)
  2 iguanas
  Natasha (twice) (D:3)
  A river rat (Sewer)
  9 adders
  A shadow imp (D:4)
  An adder skeleton (D:4)
  2 worms (D:3)
  4 dart slugs
  10 orcs
  7 bats
  7 endoplasms
  6 giant cockroaches
  10 goblins
  5 hobgoblins
  5 jackals
  3 quokkas
  6 ball pythons
  2 frilled lizards
  11 kobolds
  12 rats
130 creatures vanquished.

Notes
Turn   | Place    | Note
-------+----------+-------------------------------------------
     0 | D:1      | Peloso the Minotaur Fighter began the quest for the Orb.
     0 | D:1      | Reached XP level 1. HP: 19/19 MP: 0/0
   111 | D:1      | Reached XP level 2. HP: 27/27 MP: 1/1
   652 | D:1      | Reached XP level 3. HP: 30/31 MP: 2/2
   684 | D:1      | Found a faded altar of an unknown god.
  1071 | D:2      | Reached XP level 4. HP: 36/40 MP: 3/3
  1221 | D:2      | Noticed Jessica
  1227 | D:2      | Killed Jessica
  1228 | D:2      | Noticed Sigmund
  1249 | D:2      | Killed Sigmund
  1250 | D:2      | Reached skill level 5 in Long Blades
  1250 | D:2      | Reached skill level 5 in Armour
  1250 | D:2      | Reached skill level 1 in Dodging
  1250 | D:2      | Reached skill level 1 in Stealth
  1250 | D:2      | Reached XP level 5. HP: 29/47 MP: 4/4
  1250 | D:2      | Reached XP level 6. HP: 33/53 MP: 5/5
  1377 | D:2      | Identified the +10 dagger "Leviticus" {venom, MP+9 Int+4
                  | Dex-5 Stlth+}
  1712 | D:3      | Found a glowing drain.
  1738 | Sewer    | Entered a sewer
  1841 | Sewer    | Reached skill level 5 in Fighting
  1893 | Sewer    | Found a white marble altar of Elyvilon.
  2038 | D:3      | Noticed a water moccasin
  2046 | D:3      | Killed a water moccasin
  2047 | D:3      | Reached XP level 7. HP: 41/61 MP: 6/6
  2157 | D:3      | Noticed Natasha
  2164 | D:3      | Killed Natasha
  2600 | D:3      | Noticed Natasha
  2606 | D:3      | Killed Natasha
  2650 | D:3      | Reached skill level 5 in Shields
  2849 | D:4      | Reached XP level 8. HP: 69/69 MP: 7/7
  2921 | D:4      | Noticed Edmund
  2939 | D:4      | Killed Edmund
  3022 | D:4      | Noticed Eustachio
  3037 | D:4      | Killed Eustachio
  3164 | D:4      | Noticed Dowan
  3164 | D:4      | Noticed Duvessa
  3171 | D:4      | Killed Dowan
  3181 | D:4      | Killed Duvessa
  3501 | D:5      | Entered Level 5 of the Dungeon
  3604 | D:5      | Slain by an ogre

Illustrated notes

Levels and vault maps discovered:
D:1:      lemuel_arrival_muddy, layout_basic, ebering_ecumenical_altar_webs,
          minivault_11
D:2:      layout_loops_ring, minmay_pentomino_u4, uniq_jessica, uniq_sigmund
D:3:      layout_loops_ring, cheibrodos_sewer_entry_sluice, uniq_natasha
D:4:      layout_rooms, hangedman_decor_diamond_cutter, st_stairs_5,
          kennysheep_orc_chapel, uniq_duvessa, uniq_edmund, uniq_eustachio
D:5:      layout_rooms

Skill      XL: |  1  2  3  4  5  6  7  8 |
---------------+-------------------------+-----
Shields        | 4 5 |  5.8
Fighting       | 4 5 6 |  6.2
Armour         | 4 5 6 7 8 |  8.1
Long Blades    | 3 5 6 8 |  8.4
Dodging        | 1 2 3 |  3.3
Stealth        | 1 2 |  2.0

Action                   |  1- 3 |  4- 6 |  7- 9 || total
-------------------------+-------+-------+-------++-------
Melee: Long sword        |    84 |   106 |   169 ||   359
       Headbutt          |    12 |    19 |    33 ||    64
Armor: Scale mail        |    51 |    44 |    34 ||   129
       Chain mail        |       |       |    35 ||    35
Dodge: Dodged            |    49 |    51 |    78 ||   178
Block: Buckler           |    24 |    25 |    31 ||    80
